AoeStats
← ÑAÑO

Oasis

509008527Analyzed
3v3 RM · 6d ago on Sep 25, 2026· 64m 24s· 6 players
Game mode
Random Map
Map size
Normal (6 player)
Population
200
Speed
Normal
Resources
Standard
Victory
Conquest
Starting age
Dark Age
Ending age
Imperial Age
RankedLock teamsTeams togetherTeam positionsShared explorationLock speedFull tech treeHidden civsTurbo modeCheats
Victory
Defeat
🇨🇱 Saxons · Chile
1264
+12
🇹🇼 Mongols · Taiwan
1182
+15
🇨🇱 Vikings · Chile
1093
+19
🇦🇷 Varangians · Argentina
1206
-17
🇦🇷 Vietnamese · Argentina
1164
-15
🇦🇷 Hindustanis · Argentina
1138
-14
Kerry Camilanga
3:35 Loom
9:43 Feudal Age
12:12 Loom
15:06 Castle Age
13:57 Double-Bit Axe
15:49 Squires
17:39 Wheelbarrow
17:35 Horse Collar
18:31 Gambesons
19:55 Town Watch
20:32 Arson
22:10 Hand Cart
21:59 Caravan
22:00 Scale Mail Armor
24:12 Forging
26:42 Chain Mail Armor
27:58 Bow Saw
28:48 Heavy Plow
34:13 Iron Casting
36:34 Hand Cart
36:26 Stone Mining
36:30 Gold Mining
43:38 Imperial Age
43:14 Ballistics
44:06 Masonry
43:44 Vendel Legacy
44:37 Elite Skirmisher
51:31 Imperial Age
49:23 Fletching
49:34 Padded Archer Armor
49:41 Scale Barding Armor
50:38 Town Patrol
51:22 Light Cavalry
52:14 Bloodlines
52:05 Husbandry
53:46 Hussar
54:46 Bodkin Arrow
55:20 Chain Barding Armor
55:35 Bracer
55:56 Murder Holes
58:54 Chemistry
58:35 Leather Archer Armor
59:21 Blast Furnace
58:58 Plate Barding Armor
61:03 Imperial Skirmisher
62:41 Ring Archer Armor
ElCidVuelve
11:03 Loom
12:52 Feudal Age
22:18 Wheelbarrow
22:16 Loom
22:30 Double-Bit Axe
22:30 Horse Collar
26:00 Castle Age
24:43 Man-at-Arms
25:43 Scale Mail Armor
25:55 Forging
25:55 Gold Mining
26:58 Long Swordsman
28:06 Heavy Plow
29:03 Chain Mail Armor
32:03 Squires
33:06 Hand Cart
33:05 Bow Saw
36:34 Iron Casting
36:25 Crossbowman
45:08 Imperial Age
44:36 Elite Skirmisher
46:14 Thumb Ring
45:31 Imperial Skirmisher
46:41 Fletching
46:52 Padded Archer Armor
48:09 Ballistics
48:50 Chemistry
49:02 Cavalier
49:43 Town Watch
50:19 Elite Rattan Archer
55:39 Bodkin Arrow
Armando Estevi VOK
9:53 Feudal Age
15:00 Castle Age
15:10 Double-Bit Axe
15:08 Horse Collar
17:02 Bow Saw
19:30 Gold Mining
22:06 Heavy Plow
24:54 Wheelbarrow
24:07 Loom
25:01 Padded Archer Armor
29:42 Imperial Age
28:44 Hand Cart
28:52 Leather Archer Armor
29:02 Masonry
29:44 Husbandry
29:54 Bloodlines
30:40 Thumb Ring
31:11 Ring Archer Armor
33:07 Chemistry
33:07 Gold Shaft Mining
33:05 Conscription
33:05 Grand Trunk Road
34:45 Two-Man Saw
33:36 Stone Mining
35:34 Heavy Camel Rider
36:24 Scale Barding Armor
36:29 Forging
37:19 Shatagni
39:16 Imperial Camel Rider
46:00 Iron Casting
46:58 Caravan
51:39 Coinage
Crusader
0:26 Loom
9:09 Loom
11:22 Feudal Age
16:05 Castle Age
14:12 Horse Collar
14:23 Double-Bit Axe
23:13 Scale Mail Armor
23:27 Forging
24:32 Heavy Plow
29:49 Wheelbarrow
30:30 Bow Saw
31:07 Hand Cart
34:16 Imperial Age
31:54 Town Watch
32:02 Gold Mining
33:34 Iron Casting
33:14 Chain Mail Armor
34:26 Elite Hearth Troop
34:59 Shield Wall
36:24 Plate Mail Armor
36:34 Squires
36:20 Arson
39:34 Fletching
39:44 Padded Archer Armor
40:29 Bodkin Arrow
41:13 Elite Skirmisher
42:07 Bracer
42:23 Leather Archer Armor
43:42 Crop Rotation
50:25 Gold Shaft Mining
49:40 Elite Varangian Guard
53:20 Town Patrol
53:23 Caravan
59:48 Ring Archer Armor
59:41 Ballistics
60:21 Chemistry
61:42 Cranequins
61:43 Heavy Mounted Crossbowman
64:48 Thumb Ring
Alexander
5:16 Loom
11:39 Feudal Age
16:41 Castle Age
15:10 Double-Bit Axe
17:03 Bloodlines
18:02 Husbandry
19:41 Horse Collar
24:20 Fletching
32:15 Bodkin Arrow
34:32 Ballistics
34:25 Padded Archer Armor
35:26 Bow Saw
40:25 Heavy Plow
40:20 Gold Mining
44:48 Imperial Age
44:03 Leather Archer Armor
44:02 Masonry
44:48 Gold Shaft Mining
43:38 Light Cavalry
44:25 Scale Barding Armor
44:55 Thumb Ring
46:22 Parthian Tactics
46:00 Bracer
45:31 Pikeman
46:47 Squires
46:49 Scale Mail Armor
48:04 Chemistry
47:28 Conscription
47:45 Forging
48:49 Wheelbarrow
50:03 Iron Casting
50:12 Chain Mail Armor
52:06 Blast Furnace
50:29 Hussar
53:24 Plate Mail Armor
55:38 Chain Barding Armor
58:08 Elite Mangudai
62:45 Siege Engineers
ÑAÑO
0:26 Loom
11:18 Feudal Age
23:13 Castle Age
21:48 Double-Bit Axe
21:44 Horse Collar
23:10 Gold Mining
23:17 Stone Mining
24:21 Bow Saw
24:12 Heavy Plow
34:15 Imperial Age
32:12 Crossbowman
32:59 Fletching
33:09 Padded Archer Armor
33:09 Town Watch
33:57 Town Patrol
37:03 Two-Man Saw
36:38 Crop Rotation
36:08 Bodkin Arrow
36:28 Leather Archer Armor
37:05 Arbalester
46:26 Bogsveigar
48:43 Chemistry
49:11 Forging
49:01 Scale Mail Armor
49:32 Ring Archer Armor
49:02 Bracer
51:35 Chieftains
57:12 Elite Berserk
58:15 Chain Mail Armor
58:35 Iron Casting
Connection lost

Rejoining the realm…

Still unreachable

The connection could not be restored.

Session expired

The server has moved on; the page needs a fresh start.